 Dungeon Crawl Stone Soup version 0.13.0-59-g13bd910 (webtiles) character file.

205 Kae the Chiller (level 4, -1/33 HPs)
             Began as a Draconian Ice Elementalist on Nov 21, 2013.
             Slain by a wight
             ... wielding a cursed +3,+2 scimitar
              (9 damage)
             ... on Level 2 of the Dungeon.
             The game lasted 00:04:43 (2183 turns).

Kae the Chiller (Draconian Ice Elementalist)        Turns: 2183, Time: 00:04:43

HP  -1/33        AC  5     Str 10      XL: 4   Next: 66%
MP   2/8         EV 12     Int 17      God:
Gold 91          SH  0     Dex 11      Spells:  3 memorised,  0 levels left

Res.Fire  : . . .   See Invis. : .   (no weapon)
Res.Cold  : . . .   Warding    : .   (armour unavailable)
Life Prot.: . . .   Conserve   : .   (no shield)
Res.Poison: .       Res.Corr.  : .   q - +0 cap (curse)
Res.Elec. : .       Clarity    : .   (no cloak)
Sust.Abil.: . .     Spirit.Shd : .   (no gloves)
Res.Mut.  : .       Stasis     : .   (no boots)
Res.Rott. : .       Flight     : .   (no amulet)
Saprovore : . . .                    (no ring)
                                     (no ring)

@: invisible, very slightly contaminated, drained, slightly resistant to hostile
enchantments, unstealthy
A: unfitting armour, AC +5
a: no special abilities


You were on level 2 of the Dungeon.
You were not hungry.

You visited 1 branch of the dungeon, and saw 3 of its levels.

You collected 71 gold pieces.

Inventory:

Missiles
 e - 4 silver darts (quivered)
 o - 77 darts
Armour
 q - a cursed +0 cap (worn)
Comestibles
 c - 2 bread rations
 k - 2 meat rations
 n - 2 pears
 u - a chunk of quokka flesh
Scrolls
 a - 4 scrolls of teleportation {unknown}
 f - 4 scrolls of remove curse {unknown}
 g - a scroll of enchant weapon I {unknown}
 i - a scroll of enchant armour {unknown}
 l - 2 scrolls of identify {unknown}
 m - a scroll of amnesia {unknown}
 r - a scroll of curse jewellery {unknown}
Jewellery
 j - a +4 ring of intelligence {unknown}
Potions
 d - a potion of curing
 p - a potion of mutation {unknown}
 s - a potion of brilliance {unknown}
 t - a potion of might {unknown}
Books
 b - a book of Frost

   Spells                             Type                      Level
   *Freeze                            Ice                          1
   *Throw Frost                       Conjuration/Ice              2
   Ozocubu's Armour                   Charms/Ice                   3
   *Throw Icicle                      Conjuration/Ice              4
   Summon Ice Beast                   Ice/Summoning                4
   Condensation Shield                Ice                          4


   Skills:
 - Level 1.7(1.3) Dodging
 - Level 1.7(1.3) Stealth
 + Level 2.1(1.7) Spellcasting
 * Level 2.5(2.1) Conjurations
 * Level 4.3(3.9) Ice Magic


You couldn't memorise any spells.
You knew the following spells:

 Your Spells              Type           Power        Failure   Level  Hunger
a - Freeze                Ice            ###.         4%          1    #......
b - Throw Frost           Conj/Ice       ##....       10%         2    ###....
c - Throw Icicle          Conj/Ice       ##......     58%         4    #####..


Dungeon Overview and Level Annotations

Branches:
Dungeon (3/27)

Altars:


Message History

You feel better.
It was a potion of curing.
The wight barely misses you.
Drink which item? (? for menu, Esc to quit)
You fade into invisibility!
It was a potion of invisibility.
The wight barely misses you.
You closely miss the wight.
The wight is lightly damaged.
The wight hits you with a runed scimitar!
* * * LOW HITPOINT WARNING * * *
You barely miss the wight.
Your tail-slap misses the wight.
The wight is lightly damaged.
You barely miss the wight.
The wight is lightly damaged.
The wight closely misses you.
You closely miss the wight.
The wight is lightly damaged.
The wight closely misses you.
You hit the wight but do no damage. The wight barely misses you.
You hit the wight but do no damage.
The wight hits you with a runed scimitar!
You die...

..# ######..#### #.##.....#
..# #..##.# #.###.#### '##
#..##.# #.###.#
.###########..##.# #.....###
.................# #######.#
..............##.#########.#
......####....##...........#
.........##...##.#...#.###.#
................@#...#.###.#
....#.#.#.#..###z#......##.#
..........#..#.............#
...........%.....###.##.####
###...#.#%##.........##.#
...%....#.##.#.....#.##.#
..........##.#...#.#....#
........................#
...................#..####


You could see a wight.

Vanquished Creatures
  A gnoll shaman (D:3)
  3 adders (D:2)
  A worm (D:2)
  A giant gecko (D:3)
  An orc (D:3)
  9 bats
  2 giant cockroaches (D:1)
  9 hobgoblins
  3 quokkas
  9 giant newts
  2 goblins (D:1)
  4 jackals
  2 kobolds
  6 rats
53 creatures vanquished.

Notes
Turn   | Place    | Note
--------------------------------------------------------------
     0 | D:1      | Kae, the Draconian Ice Elementalist, began the quest for the Orb.
     0 | D:1      | Reached XP level 1. HP: 14/14 MP: 3/3
   215 | D:1      | Reached XP level 2. HP: 18/20 MP: 1/4
   231 | D:1      | Learned a level 2 spell: Throw Frost
   778 | D:1      | Reached XP level 3. HP: 26/26 MP: 1/6
  1636 | D:2      | Reached skill level 4 in Ice Magic
  1636 | D:2      | Reached XP level 4. HP: 33/33 MP: 5/8
  1642 | D:2      | Learned a level 4 spell: Throw Icicle
  2183 | D:2      | Slain by a wight

Action                   |  1- 3 |  4- 6 || total
-------------------------+-------+-------++-------
Melee: Unarmed           |    61 |    28 ||    89
 Cast: Freeze            |    61 |    27 ||    88
  Use: Potion            |       |     2 ||     2
